 Dungeon Crawl Stone Soup version 0.18.1-50-g88ac8fd (webtiles) character file.

2627 Gargoyl the Agent of Entropy (level 9, -3/71 HPs)
             Began as a Demonspawn Abyssal Knight on Oct 28, 2016.
             Was a Priest of Lugonu.
             Slain by a death yak (8 damage)
             ... on level 8 of the Dungeon.
             The game lasted 00:14:24 (5994 turns).

Gargoyl the Agent of Entropy (DsAK)                 Turns: 5994, Time: 00:14:25

Health: -3/71      AC: 23    Str: 15    XL:     9   Next: 35%
Magic:  1/16       EV:  5    Int: 18    God:    Lugonu [***...]
Gold:   433        SH:  0    Dex: 14    Spells: 0 memorised, 8 levels left

rFire  . . .     SeeInvis .     a - +1 hand axe
rCold  . . .     Gourm    .     j - +0 plate armour
rNeg   . . .     Faith    .     (no shield)
rPois  .         Spirit   .     d - +0 helmet
rElec  .         Dismiss  .     h - +2 cloak
rCorr  .         Reflect  .     l - +0 pair of gloves
SustAt .         Harm     .     e - +0 pair of boots
MR     .....                    k - amulet of magic regeneration
Stlth  ..........               (no ring)
                                (no ring)

@: brilliant, not resistant to hostile enchantments, extremely unstealthy
A: molten scales 2, powered by death 1, spiny 2
a: Depart the Abyss, Bend Space, Banish, Renounce Religion


You were on level 8 of the Dungeon.
You worshipped Lugonu.
Lugonu was most pleased with you.
You were near starving.

You visited 1 branch of the dungeon, and saw 8 of its levels.
You visited the Abyss 1 time.

You collected 433 gold pieces.

Inventory:

Hand Weapons
 a - a +1 hand axe (weapon)
 b - a +0 club
Missiles
 m - 8 javelins (quivered)
Armour
 d - a +0 helmet (worn)
 e - a +0 pair of boots (worn)
 h - a +2 cloak (worn)
 j - a +0 plate armour (worn)
 l - a +0 pair of gloves (worn)
Jewellery
 k - an amulet of magic regeneration (around neck)
Wands
 p - a wand of iceblast (7/15)
 u - a wand of iceblast (6/15)
 v - a wand of polymorph (5/24)
 y - a wand of slowing (29/48)
Scrolls
 q - a scroll of teleportation
 r - 2 scrolls of blinking
 t - a scroll of identify
 C - a scroll of enchant weapon {unknown}
Potions
 g - a potion of lignification
 o - a potion of cure mutation
 A - a potion of agility
Comestibles
 c - 7 bread rations
 f - a slice of pizza
 n - 3 meat rations
 B - a beef jerky


   Skills:
 + Level 6.4 Fighting
 + Level 5.2(5.7) Axes
 + Level 3.3(4.7) Maces & Flails
 + Level 3.3 Throwing
 * Level 7.6 Armour
 + Level 4.7 Dodging
 * Level 9.4 Invocations


You had 8 spell levels left.
You didn't know any spells.

Dungeon Overview and Level Annotations

Branches:
Dungeon (8/15)             Temple (0/1) D:7            Lair (0/8) D:8

Altars:
Elyvilon
Nemelex Xobeh
Okawaru
Qazlal
Trog
Yredelemnul


Innate Abilities, Weirdness & Mutations

You are mostly covered in molten scales (AC +3, EV -1).
You regenerate a little health from kills.
You are mostly covered in sharp spines.


Message History

The death yak resists with almost no effort.
You are near starving!
Cornered, the sheep turns to fight!
The death yak gores you but does no damage.
Press: ? - help, Shift-Dir - straight line, f/p - death yak
Aim: a death yak (chance to defeat MR: 23%)
The death yak resists with almost no effort.
You feel somewhat more hungry. The death yak gores you!
* * * LOW HITPOINT WARNING * * *
Unknown command.
You don't have enough magic at the moment.
Drink which item? (? for menu, Esc to quit)
You feel better.
You feel less woody.
Your +2 cloak unmelds from your body.
Your +0 helmet unmelds from your body.
Your +0 pair of gloves unmelds from your body.
Your +0 pair of boots unmelds from your body.
Your +0 plate armour unmelds from your body.
The death yak gores you!
You die...

#########
#.......#
#.#####.# #####
#.# #.# #...#
####.# ###@######
....###....#
#YY........
#..........#
#o#.######.
##..###..#.# #o#.#
.o.Y#.##...###.#.#
#..#§§§#.YYY..Y..#
#..o§§.o.#####.###
#.....#..# #.#
##.......# #.#


You could see a death yak, an orc warrior, a sheep and an orc.

Vanquished Creatures
  The ghost of Tyryt0 the Covert, an amateur OpAs (D:4)
  Sigmund (D:5)
  The ghost of UranusSolar the Conjurer, an amateur DrCj (D:3)
  Menkaure (D:6)
  3 ogres
  A wolf (D:8)
  A centaur (D:6)
  A big kobold (D:7)
  A crocodile (D:8)
  A scorpion (D:5)
  10 killer bees
  A howler monkey (D:5)
  2 crimson imps
  2 hounds
  5 jellies
  A giant frog skeleton (D:5)
  Crazy Yiuf (D:6)
  A gnoll shaman (D:7)
  An iguana (D:4)
  Ijyb (D:2)
  Natasha (thrice) (D:2)
  A worker ant (D:6)
  A hound zombie (D:4)
  A worker ant zombie (D:6)
  Robin (D:2)
  3 gnolls (D:7)
  8 adders
  3 shadow imps
  An ufetubus (D:8)
  An ooze (D:2)
  An adder zombie (D:6)
  An adder skeleton (D:6)
  8 dart slugs
  4 giant geckos
  6 orcs
  A ball python (D:1)
  3 giant cockroaches
  9 goblins
  7 hobgoblins
  3 jackals (D:7)
  7 kobolds
  7 bats
  A giant gecko skeleton (D:6)
  5 giant newts
  A quokka skeleton (D:4)
  A quokka zombie (D:5)
  5 rats
130 creatures vanquished.

Notes
Turn   | Place    | Note
--------------------------------------------------------------
     0 | Abyss:1  | Gargoyl the Demonspawn Abyssal Knight began the quest for the Orb.
     0 | Abyss:1  | Reached XP level 1. HP: 18/18 MP: 2/2
    59 | Abyss:2  | Noticed a large abomination
    81 | Abyss:2  | Noticed a raiju
    81 | Abyss:2  | Noticed a raiju
    82 | D:1      | Escaped the Abyss
   340 | D:1      | Gained mutation: You are partially covered in molten scales (AC +1). [demonic ancestry]
   340 | D:1      | Reached XP level 2. HP: 19/24 MP: 3/3
   447 | D:1      | Reached * piety under Lugonu
   706 | D:1      | Reached skill level 1 in Dodging
   711 | D:1      | Reached XP level 3. HP: 26/29 MP: 5/5
  1085 | D:2      | Found a sparkling altar of Nemelex Xobeh.
  1144 | D:2      | Noticed Robin
  1161 | D:2      | Noticed Natasha
  1179 | D:2      | Killed Robin
  1206 | D:2      | Killed Natasha
  1206 | D:2      | Reached skill level 3 in Invocations
  1206 | D:2      | Reached XP level 4. HP: 10/36 MP: 6/6
  1458 | D:2      | Noticed Natasha
  1470 | D:2      | Killed Natasha
  1617 | D:2      | Noticed Ijyb
  1651 | D:2      | Killed Ijyb
  1692 | D:2      | Found a faded altar to an unknown god.
  1709 | D:2      | Reached XP level 5. HP: 38/41 MP: 7/7
  1809 | D:2      | Noticed Natasha
  1816 | D:2      | Killed Natasha
  2228 | D:3      | Found an iron altar of Okawaru.
  2248 | D:3      | Noticed UranusSolar's ghost (amateur DrCj)
  2262 | D:3      | Reached skill level 5 in Fighting
  2262 | D:3      | Reached skill level 5 in Armour
  2262 | D:3      | Reached skill level 8 in Invocations
  2262 | D:3      | Gained mutation: You are mostly covered in molten scales (AC +3, EV -1). [demonic ancestry]
  2262 | D:3      | Reached XP level 6. HP: 28/51 MP: 7/12
  2304 | D:3      | Reached ** piety under Lugonu
  2665 | D:3      | Killed UranusSolar's ghost
  2894 | D:3      | Gained mutation: You are partially covered in sharp spines. [demonic ancestry]
  2894 | D:3      | Reached XP level 7. HP: 56/56 MP: 13/13
  3334 | D:4      | Noticed Tyryt0's ghost (amateur OpAs)
  3352 | D:4      | Killed Tyryt0's ghost
  3594 | D:4      | Gained mutation: You are mostly covered in sharp spines. [demonic ancestry]
  3594 | D:4      | Reached XP level 8. HP: 55/64 MP: 14/14
  3716 | D:5      | Entered Level 5 of the Dungeon
  3796 | D:5      | Noticed Sigmund
  3809 | D:5      | Killed Sigmund
  3809 | D:5      | Reached skill level 9 in Invocations
  4375 | D:6      | Found a bloodstained altar of Trog.
  4440 | D:6      | Noticed Menkaure
  4455 | D:6      | Killed Menkaure
  4510 | D:6      | Noticed Crazy Yiuf
  4513 | D:6      | Paralysed by Crazy Yiuf for 3 turns
  4519 | D:6      | Killed Crazy Yiuf
  4544 | D:6      | Reached skill level 5 in Axes
  4671 | D:6      | Found a white marble altar of Elyvilon.
  4760 | D:6      | Reached *** piety under Lugonu
  4807 | D:6      | Noticed an air elemental
  4809 | D:6      | Found a stormy altar of Qazlal.
  5142 | D:6      | Found a basalt altar of Yredelemnul.
  5401 | D:7      | Gained mutation: You regenerate a little health from kills. [demonic ancestry]
  5401 | D:7      | Reached XP level 9. HP: 65/69 MP: 15/15
  5800 | D:7      | Found a staircase to the Ecumenical Temple.
  5938 | D:8      | Found a staircase to the Lair.
  5938 | D:8      | Noticed an elephant
  5939 | D:8      | Noticed a death yak
  5993 | D:8      | HP: 1/106 [death yak (13)]
  5994 | D:8      | Slain by a death yak

Skill      XL: |  1  2  3  4  5  6  7  8 |
---------------+-------------------------+-----
Armour         | 2 5 6 7 |  7.6
Axes           | 2 4 5 |  5.2
Dodging        | 1 2 4 |  4.7
Invocations    | 3 8 9 |  9.4
Fighting       | 5 6 |  6.4
Maces & Flails | 3 |  3.3
Throwing       | 3 |  3.3

Action                   |  1- 3 |  4- 6 |  7- 9 || total
-------------------------+-------+-------+-------++-------
Melee: Hand axe          |   158 |   160 |   207 ||   525
Invok: Depart the Abyss  |     1 |       |       ||     1
       Banish            |       |       |     4 ||     4
  Use: Scroll            |     2 |     4 |     2 ||     8
       Potion            |     1 |     2 |     6 ||     9
  Eat: Chunk             |     1 |     6 |     5 ||    12
       Bread ration      |       |       |     1 ||     1
Armor: Leather armour    |    49 |       |       ||    49
       Ring mail         |    48 |    35 |       ||    83
       Plate armour      |       |    59 |   157 ||   216
       Skin              |       |       |    21 ||    21
Dodge: Dodged            |   127 |    69 |    51 ||   247
